 Dungeon Crawl Stone Soup version 0.26-a0-597-gb535b0901c (webtiles) character file.

Game seed: 12523978703081207332

53 kae the Chopper (level 3, 0/33 HPs)
             Began as a Hill Orc Abyssal Knight on Aug 26, 2020.
             Was a Believer of Lugonu.
             Killed from afar by Sigmund (10 damage)
             ... with a magic dart
             ... on level 2 of the Dungeon.
             The game lasted 00:01:29 (1641 turns).

kae the Chopper (Hill Orc Abyssal Knight)           Turns: 1641, Time: 00:01:29

Health: 0/33       AC:  3    Str: 15    XL:     3   Next: 89%
Magic:  5/5        EV: 11    Int: 12    God:    Lugonu [**....]
Gold:   116        SH:  0    Dex: 10    Spells: 2/2 levels left

rFire    . . .     SeeInvis .   a - +1 hand axe
rCold    . . .     Faith    .   (no shield)
rNeg     . . .     Spirit   .   b - +0 leather armour
rPois    .         Reflect  .   (no helmet)
rElec    .         Harm     .   (no cloak)
rCorr    .                      (no gloves)
MR       .....                  (no boots)
Stlth    +.........             (no amulet)
HPRegen  0.11/turn              (no ring)
MPRegen  0.09/turn              (no ring)

@: no status effects
A: no striking features
a: Depart the Abyss, Bend Space, Renounce Religion


You were on level 2 of the Dungeon.
You worshipped Lugonu.
Lugonu was pleased with you.
You visited 1 branch of the dungeon, and saw 2 of its levels.
You visited the Abyss 1 time.

You collected 116 gold pieces.

Inventory:

Hand Weapons
 a - a +1 hand axe (weapon)
Armour
 b - a +0 leather armour (worn)
Jewellery
 e - a cursed -4 ring of strength {unknown}
 f - an uncursed ring of protection from fire {unknown}
Scrolls
 c - a scroll of teleportation
 j - 3 scrolls of immolation {unknown}
 k - a scroll of blinking {unknown}
Potions
 d - a potion of heal wounds
 g - a potion of brilliance {unknown}
 h - a potion of haste {unknown}
 i - a potion of ambrosia {unknown}


   Skills:
 + Level 4.2 Fighting
 * Level 4.3 Axes
 - Level 2.1 Armour
 - Level 0.7 Dodging
 + Level 3.3 Invocations


You had 2 spell levels left.
You didn't know any spells.
Your spell library was empty.

Dungeon Overview and Level Annotations

Branches:
Dungeon (2/15)

Altars:
Gozag
Kikubaaqudgha
Vehumet

Annotations:
D:2 Sigmund


Message History

Sigmund hits you with a +0 scythe.
You hit Sigmund.
Sigmund is moderately wounded.
Sigmund hits you but does no damage.
You completely miss Sigmund.
Sigmund is moderately wounded.
You closely miss Sigmund.
Sigmund is moderately wounded.
Sigmund hits you with a +0 scythe.
It was a potion of heal wounds.
You feel much better. Sigmund casts a spell at you. The puff of flame hits you!
You hit Sigmund.
Sigmund is moderately wounded.
Sigmund hits you with a +0 scythe!
You hit Sigmund.
Sigmund is heavily wounded.
Sigmund casts a spell at you. The magic dart hits you!
You die...

.########.#.....#
.##.....#.#.....#
.###.##.........#
......#...#.....#
######....###...##
......<.#.# ##...#
....÷.###.#
#...#######
......)...#
##†........
......#####
#.@..._... ......#
##.@...... ......#
#........ ......#
#....♣... ......#
#........ ......
.#....... ...... .
..._... . ##...##


You could see Sigmund.

Vanquished Creatures
  An adder (D:2)
  An ooze (D:1)
  3 leopard geckos
  A ball python (D:2)
  A bat (D:1)
  A giant cockroach (D:1)
  8 goblins
  5 hobgoblins
  2 jackals (D:1)
  A frilled lizard (D:1)
  4 kobolds
  7 rats
35 creatures vanquished.

Vanquished Creatures (others)
  2 plants (D:1)
2 creatures vanquished.

Grand Total: 37 creatures vanquished

Notes
Turn   | Place    | Note
-------+----------+-------------------------------------------
     0 | Abyss:1  | kae the Hill Orc Abyssal Knight began the quest for the
                  | Orb.
     0 | Abyss:1  | Reached XP level 1. HP: 19/19 MP: 2/2
    33 | D:1      | Escaped the Abyss
   100 | D:1      | Reached XP level 2. HP: 22/27 MP: 4/4
   530 | D:1      | Reached XP level 3. HP: 33/33 MP: 5/5
   532 | D:1      | Reached ** piety under Lugonu
  1426 | D:2      | Found a radiant altar of Vehumet.
  1623 | D:2      | Found an opulent altar of Gozag.
  1626 | D:2      | Noticed Sigmund
  1627 | D:2      | Found an ancient bone altar of Kikubaaqudgha.
  1641 | D:2      | Killed from afar by Sigmund

Illustrated notes

Levels and vault maps discovered:
D:1:      tarquinn_simple_flora_water_b, layout_loops_corners, serial_forest,
          infiniplex_forest_lined_4_way, infiniplex_forest_clump_curved,
          infiniplex_forest_lined_corner, infiniplex_forest_end_2,
          infiniplex_forest_clump_curved, infiniplex_forest_end_2,
          infiniplex_forest_end_2, minmay_tetromino_i2
D:2:      layout_basic, vehumet_crystals, grunt_temple_overflow_open,
          uniq_sigmund

Skill      XL: |  1  2  3 |
---------------+----------+-----
Axes           | 3 4 |  4.3
Fighting       | 4 |  4.2
Invocations    | 3 |  3.3
Armour         | |  2.1
Dodging        | |  0.7

Action                   || total
-------------------------++-------
Melee: Hand axe          ||    96
  Use: Scroll            ||     1
       Potion            ||     1
Armor: Leather armour    ||    18
Dodge: Dodged            ||    64

Table legend: (Time is in decaauts)
 A = Elapsed time spent in this place.
 B = Non-inter-level travel time spent in this place.
 C = Inter-level travel time spent in this place.
 D = Time resting spent in this place.
 E = Time spent auto-exploring this place.
 F = Levels seen in this place.
 G = Mean time per level.
                   A        B        C        D        E       F      G
               +--------+--------+--------+--------+--------+-----+--------+
         Total |   1651 |   1636 |     15 |      0 |   1420 |   3 |  550.3 |
       Dungeon |   1618 |   1603 |     15 |      0 |   1392 |   2 |  809.0 |
         Abyss |     33 |     33 |      0 |      0 |     28 |   1 |   33.0 |
               +--------+--------+--------+--------+--------+-----+--------+

Top non-repeatable levels by time:
     D:1: 1253 daAuts
     D:2: 365 daAuts
 Abyss:1: 33 daAuts
